 Dungeon Crawl Stone Soup version 0.18-a0-1396-g8753ca6 (webtiles) character file.

2 Duffy the Conjurer (level 1, 9/9 HPs)
             Began as a Vine Stalker Conjurer on Feb 23, 2016.
             Quit the game on level 1 of the Dungeon.
             The game lasted 00:00:21 (198 turns).

Duffy the Conjurer (Vine Stalker Conjurer)           Turns: 198, Time: 00:00:22

Health: 9/9        AC:  3    Str: 10    XL:     1   Next: 40%
Magic:  4/4        EV: 12    Int: 15    God:
Gold:   14         SH:  0    Dex: 14    Spells: 1 memorised, 3 levels left

rFire  . . .     SeeInvis .     (no weapon)
rCold  . . .     Gourm    .     a - +0 robe
rNeg   . . .     Faith    .     (no shield)
rPois  .         Spirit   +     (no helmet)
rElec  .         Dismiss  .     h - +0 cloak (curse)
rCorr  .         Reflect  .     (no gloves)
SustAt .         Harm     .     (no boots)
MR     .....                    (no amulet)
Stlth  ++........               (no ring)
                                (no ring)

@: not resistant to hostile enchantments, unstealthy
A: fangs 2, regeneration 1, magic shield, antimagic bite, no device heal 3, rot
immunity
a: no special abilities


You were on level 1 of the Dungeon.
You were not hungry.

You visited 1 branch of the dungeon, and saw 1 of its levels.

You collected 14 gold pieces.


Innate Abilities, Weirdness & Mutations

You have extremely sharp teeth.
Your natural rate of healing is unusually fast.
When hurt, damage is shared between your health and your magic reserves.
Your bite disrupts and absorbs the magic of your enemies.
Potions and wands cannot restore your health.
You are immune to rotting.


   Skills:
 - Level 1.5 Dodging
 - Level 2.4 Stealth
 + Level 2.3 Spellcasting
 + Level 4.0 Conjurations


You had 3 spell levels left.
You knew the following spells:

 Your Spells              Type           Power        Failure   Level  Hunger
a - Magic Dart            Conj           ##..         4%          1    #......

Inventory:

Armour
 a - a +0 robe (worn)
 h - a cursed +0 cloak (worn)
Scrolls
 d - a scroll of noise {unknown}
 e - a scroll of remove curse {unknown}
 f - a scroll of identify {unknown}
Books
 b - a book of Conjurations
Comestibles
 c - a bread ration
 g - a meat ration

Dungeon Overview and Level Annotations

Branches:
Dungeon (1/15)

Altars:


Message History

Press: ? - help, Shift-Dir - straight line, f/p - kobold
Aim: a kobold, wielding a short sword (severely wounded)
The magic dart hits the kobold.
You kill the kobold!
Cast which spell? (? or * to list)
You can't see any susceptible monsters within range! (Use Z to cast anyway.) Cast which spell? (? or * to list)
You can't see any susceptible monsters within range! (Use Z to cast anyway.) Cast which spell? (? or * to list)
You can't see any susceptible monsters within range! (Use Z to cast anyway.)
A giant newt comes into view.
Cast which spell? (? or * to list)
Aiming: Magic Dart
Press: ? - help, Shift-Dir - straight line, f - giant newt
Aim: a giant newt (hasn't noticed you)
The magic dart hits the giant newt.
You kill the giant newt!
Cast which spell? (? or * to list)
You can't see any susceptible monsters within range! (Use Z to cast anyway.) Cast which spell? (? or * to list)
You can't see any susceptible monsters within range! (Use Z to cast anyway.) Cast which spell? (? or * to list)
You can't see any susceptible monsters within range! (Use Z to cast anyway.)
Found a cloak.
Things that are here:
a short sword; a kobold corpse You see here a giant newt corpse.
You see here a cloak.
h - a cloak Wear which item? (? for menu, Esc to quit)
You start putting on your armour.
You continue putting on your cloak. x4
You finish putting on your cursed +0 cloak.
Oops, that feels deathly cold.
Found a leather armour.
Are you sure you want to abandon this character and quit the game? (Confirm with "yes".)

# #.#.# #
#%#.#
#.#.#.#
#.#...####.#
#...#.......
#.....#####
#..#..#
#.##..# #.
#.@# #.
#.......# #.
#...##.##
#...# #...#
#.#.# #. .#
#[ .#


There were no monsters in sight!

Action                   || total
-------------------------++-------
 Cast: Magic Dart        ||     7

Notes
Turn   | Place    | Note
--------------------------------------------------------------
     0 | D:1      | Duffy the Vine Stalker Conjurer began the quest for the Orb.
     0 | D:1      | Reached XP level 1. HP: 9/9 MP: 4/4
   198 | D:1      | Quit the game

Vault maps used:
D:1:      dpeg_arrival_rhombus, bh_walls_and_bars

Vanquished Creatures
  A giant newt
  2 kobolds
  A rat
4 creatures vanquished.
